AoeStats
← Sergeantmilan97

Black Forest

509107912Analyzed
4v4 RM · 6d ago on Sep 25, 2026· 37m 54s· 8 players
Game mode
Random Map
Map size
Large (8 player)
Population
200
Speed
Normal
Resources
Standard
Victory
Conquest
Starting age
Dark Age
Ending age
Imperial Age
RankedLock teamsTeams togetherTeam positionsShared explorationLock speedFull tech treeHidden civsTurbo modeCheats
Victory
Defeat
🇩🇪 Malians · Germany
1713
+8
🇩🇪 Teutons · Germany
1554
+13
🇩🇪 Shu · Germany
1514
+15
🇨🇳 Varangians · China
1488
+16
🇪🇸 Britons · Spain
1522
-14
1504
-13
🇩🇪 Sicilians · Germany
1492
-13
🇹🇷 Aztecs · Türkiye
1469
-12
Pelopincho
9:23 Feudal Age
12:09 Fletching
14:28 Double-Bit Axe
14:57 Horse Collar
15:23 Padded Archer Armor
19:58 Wheelbarrow
19:15 Loom
23:04 Castle Age
21:45 Gold Mining
22:15 Stone Mining
24:36 Bow Saw
26:32 Bodkin Arrow
26:53 Leather Archer Armor
26:24 Crossbowman
28:03 Town Watch
28:48 Ballistics
33:42 Imperial Age
33:43 Loom
34:30 Bracer
35:37 Chemistry
35:10 Conscription
Sergeantmilan97
5:48 Loom
10:34 Feudal Age
15:20 Castle Age
13:14 Double-Bit Axe
14:15 Gold Mining
14:58 Horse Collar
15:11 Stone Mining
17:04 Bow Saw
22:34 Wheelbarrow
23:47 Heavy Plow
25:22 Gold Shaft Mining
25:35 Hand Cart
27:07 Stone Shaft Mining
27:11 Scale Barding Armor
27:17 Forging
29:55 Imperial Age
28:50 Chain Barding Armor
29:57 Iron Casting
29:43 Bloodlines
29:33 Husbandry
29:40 Husbandry
29:56 Cavalier
31:09 Crop Rotation
31:21 Plate Barding Armor
31:25 Hauberk
31:41 Conscription
34:03 Blast Furnace
34:28 Caravan
csknahmet27
2:30 Loom
20:16 Feudal Age
24:59 Castle Age
26:50 Redemption
31:17 Town Watch
DetectiveYemitoShumafuk
9:42 Feudal Age
13:39 Castle Age
11:58 Double-Bit Axe
12:53 Horse Collar
13:44 Scale Mail Armor
16:19 Bow Saw
17:39 Fletching
22:56 Arson
23:11 Squires
23:18 Gold Mining
24:05 Forging
30:18 Imperial Age
29:08 Gold Shaft Mining
29:08 Loom
29:26 Padded Archer Armor
31:05 Wheelbarrow
32:02 Chemistry
32:35 Conscription
35:33 Town Watch
Vicky R
10:28 Feudal Age
11:37 Double-Bit Axe
14:21 Castle Age
12:42 Horse Collar
13:12 Loom
15:17 Bow Saw
21:29 Wheelbarrow
21:35 Gold Mining
21:35 Stone Mining
21:56 Heavy Plow
25:42 Scale Mail Armor
25:52 Forging
30:27 Imperial Age
28:28 Chain Mail Armor
29:14 Iron Casting
29:22 Stone Shaft Mining
29:23 Fletching
30:03 Ballistics
30:09 Caravan
31:30 Coinage
30:30 Capped Ram
31:04 Onager
33:13 Two-Man Saw
31:57 Pikeman
32:38 Squires
34:12 Chemistry
33:38 Conscription
34:15 Crop Rotation
35:15 Plate Mail Armor
34:37 Halberdier
38:07 Blast Furnace
LM | Scogx
0:25 Loom
22:05 Feudal Age
25:50 Castle Age
24:57 Stone Mining
24:55 Double-Bit Axe
25:39 Town Watch
25:22 Man-at-Arms
27:11 Scale Mail Armor
28:04 Long Swordsman
30:33 Chain Mail Armor
33:30 Horse Collar
34:52 Wheelbarrow
34:44 Gold Mining
35:06 Bow Saw
35:07 Fletching
38:40 Hand Cart
Breznsoiza
0:45 Loom
9:24 Feudal Age
10:41 Double-Bit Axe
12:36 Horse Collar
17:47 Castle Age
21:56 Fletching
29:21 Bow Saw
29:22 Heavy Plow
30:55 Wheelbarrow
35:41 Imperial Age
33:33 Hand Cart
34:07 Gold Mining
35:01 Caravan
35:45 Bodkin Arrow
35:50 Padded Archer Armor
36:58 Gold Shaft Mining
36:25 Bracer
36:34 Crossbowman
37:20 Thumb Ring
37:31 Leather Archer Armor
37:39 Ballistics
38:20 Chemistry
教授
11:13 Feudal Age
13:14 Bloodlines
15:22 Castle Age
14:00 Forging
13:55 Double-Bit Axe
13:56 Horse Collar
14:52 Scale Barding Armor
16:03 Town Watch
16:28 Husbandry
17:12 Loom
27:30 Bow Saw
29:55 Wheelbarrow
33:39 Imperial Age
33:11 Chain Barding Armor
33:27 Iron Casting
33:23 Gold Mining
33:25 Stone Mining
33:36 Heavy Plow
33:49 Cavalier
36:11 Plate Barding Armor
38:53 Blast Furnace
Connection lost

Rejoining the realm…

Still unreachable

The connection could not be restored.

Session expired

The server has moved on; the page needs a fresh start.